 Dungeon Sprint DCSS version 0.20-a0-513-g02c11fc (webtiles) character file.

4400000 wazuzu the Archmage (level 24, -18/227 HPs)
             Began as a Demonspawn Warper on Jan 22, 2017.
             Was the Champion of Makhleb.
             Demolished by The Servant
             ... wielding a +9 glaive of flaming
              (81 damage)
             ... in the Dungeon (Sprint VIII: "Arena of Blood").
             The game lasted 00:02:48 (44 turns).

wazuzu the Archmage (Demonspawn Warper)               Turns: 44, Time: 00:02:50

Health: -18/227    AC: 18    Str: 22    XL:     24   Next: 62%
Magic:  12/54      EV: 31    Int: 15    God:    Makhleb [******]
Gold:   0          SH:  0    Dex: 14    Spells: 77/77 levels left

rFire    . . .     SeeInvis +   l - +∞ Axe of Woe
rCold    + . .     Gourm    .   b - +0 leather armour
rNeg     + . .     Faith    .   (shield currently unavailable)
rPois    .         Spirit   .   (helmet unavailable)
rElec    .         Reflect  .   (no cloak)
rCorr    .         Harm     .   (no gloves)
MR       +....     NoTele   +   (no boots)
Stlth    ++++++++++             (no amulet)
Regen    0.5/turn               (no ring)
                                (no ring)

@: sanguine armour
A: antennae 3, cold resistance 1, icemail, negative energy resistance 1,
nightstalker 2, 50% torment resistance, freezing cloud immunity, sanguine armour
3
a: Minor Destruction, Lesser Servant of Makhleb, Major Destruction, Greater
Servant of Makhleb, Renounce Religion


You were in the Dungeon.
You worshipped Makhleb.
Makhleb was exalted by your worship.
You were not hungry.

You visited 1 branch

Inventory:

Hand Weapons
 a - a +0 hand axe
 l - the +∞ Axe of Woe (weapon)
   (You found it in the Dungeon)
Missiles
 e - 5 tomahawks of dispersal (quivered)
Armour
 b - a +0 leather armour (worn)
Scrolls
 d - 2 scrolls of blinking
Potions
 g - a potion of curing
 h - a potion of heal wounds
 i - a potion of haste
 j - 2 potions of magic
 k - a potion of berserk rage
Books
 c - a book of Spatial Translocations

   Spells                             Type                      Level
   a - Blink                          Translocation                2
   b - Shroud of Golubria             Charms/Translocation         2
   c - Lesser Beckoning               Translocation                3
   d - Portal Projectile              Translocation                3
   e - Teleport Other                 Translocation                3
   f - Passage of Golubria            Translocation                4
Comestibles
 f - a bread ration


   Skills:
 O Level 27 Fighting
 O Level 27 Axes
 O Level 27 Throwing
 O Level 27 Armour
 O Level 27 Dodging
 O Level 27 Stealth
 O Level 27 Unarmed Combat
 O Level 27 Spellcasting
   Level 2.6 Translocations
 O Level 27 Invocations


You had 77 spell levels left.
You didn't know any spells.

Dungeon Overview and Level Annotations

Branches:
Dungeon (1/1)

Altars:
Makhleb

Annotations:
D The Servant


Innate Abilities, Weirdness & Mutations

You have a pair of large antennae on your head. (SInv)
Your flesh is cold resistant. (rC+)
A meltable icy envelope protects you from harm. (AC +0)
You resist negative energy. (rN+)
You are significantly more attuned to the shadows.
You are somewhat able to resist unholy torments (1 in 2 success).
You are immune to freezing clouds.
When seriously injured, your bleeding wounds create very thick armour. (AC +12)


Message History

Makhleb accepts your kill.
You feel better.
You are engulfed in roaring flames.
You hear a shout! x2
Unknown command.
Unknown command.
Press: ? - help, Shift-Dir - straight line, f - The Servant
Aim: The Servant, wielding a +9 glaive of flaming and wearing a +130 ring of slaying The bolt of negative energy hits The Servant.
The Servant is drained!
The Servant is lightly wounded.
The bolt of negative energy hits the meat berserker.
The meat berserker is drained!
The meat berserker is lightly wounded.
You are engulfed in roaring flames.
* * * LOW HITPOINT WARNING * * *
You hear a shout! x6
The corpses begin to drag themselves along the ground!
The destroyer blinks!
The Servant hits you from afar with a +9 glaive of flaming!!!!
You die...

......._.).)......
......###.).......
.###.......###....
#.......#......
#.......#......
.....)x§§§.....
......V§)§§§V#
.......x§§§§#
....z...x@##..
#......§)#oo...
..{§.%§V#.@.##
#.......o.O..
...........o .....
###..{


You could see The Servant, 3 destroyers, a sculptor of flesh, a meat berserker
(berserk), 4 bags of meat and 3 crawling corpses.

Vanquished Creatures
  A vampire knight (D)
  13 ogres (D)
  3 two-headed ogres (D)
  22 orcs (D)
  A skeletal warrior (D)
  A large abomination (D)
  A crawling corpse (D)
42 creatures vanquished.

Vanquished Creatures (others)
  A crawling corpse (D)
1 creature vanquished.

Grand Total: 43 creatures vanquished

Notes
Turn   | Place    | Note
-------+----------+-------------------------------------------
     0 | D        | wazuzu the Demonspawn Warper began the quest for the Orb.
     0 | D        | Reached XP level 1. HP: 16/16 MP: 3/3
     3 | D        | Noticed a bag of meat
     4 | D        | Noticed a bag of meat
     4 | D        | Became a worshipper of Makhleb the Destroyer
     7 | D        | Noticed a bag of meat
     7 | D        | Noticed a meat berserker
     7 | D        | Noticed a meat berserker
     7 | D        | Noticed a meat berserker
     8 | D        | Noticed a bag of meat
     8 | D        | Killed a bag of meat
     8 | D        | Gained mutation: You have a pair of small antennae on your head. [demonic ancestry]
     8 | D        | Reached XP level 2. HP: 40/40 MP: 3/17
     8 | D        | Gained mutation: Your flesh is cold resistant. (rC+) [demonic ancestry]
     8 | D        | Reached XP level 3. HP: 46/46 MP: 3/19
     8 | D        | Gained mutation: When seriously injured, your bleeding wounds create armour. (AC +12) [demonic ancestry]
     8 | D        | Reached XP level 4. HP: 53/53 MP: 3/20
     8 | D        | Reached XP level 5. HP: 59/59 MP: 3/22
     8 | D        | Reached XP level 6. HP: 66/66 MP: 3/23
     8 | D        | Gained mutation: You are immune to freezing clouds. [demonic ancestry]
     8 | D        | Reached XP level 7. HP: 72/72 MP: 3/25
     8 | D        | Reached XP level 8. HP: 79/79 MP: 3/26
     8 | D        | Reached XP level 9. HP: 85/85 MP: 3/27
     8 | D        | Reached XP level 10. HP: 92/92 MP: 3/28
     8 | D        | Gained mutation: You have a pair of antennae on your head. [demonic ancestry]
     8 | D        | Reached XP level 11. HP: 98/98 MP: 3/29
     8 | D        | Noticed a bag of meat
     9 | D        | Noticed a bag of meat
     9 | D        | Noticed a bag of meat
     9 | D        | Noticed a meat berserker
     9 | D        | Noticed a meat berserker
     9 | D        | Killed a meat berserker
     9 | D        | Reached * piety under Makhleb
     9 | D        | Reached skill level 15 in Dodging
     9 | D        | Reached XP level 12. HP: 59/111 MP: 3/34
     9 | D        | Gained mutation: When seriously injured, your bleeding wounds create thick armour. (AC +12) [demonic ancestry]
     9 | D        | Reached XP level 13. HP: 62/117 MP: 3/35
    10 | D        | Noticed a bag of meat
    10 | D        | Noticed a bag of meat
    10 | D        | Killed a meat berserker
    10 | D        | Gained mutation: You are slightly more attuned to the shadows. [demonic ancestry]
    10 | D        | Reached XP level 14. HP: 69/130 MP: 3/38
    10 | D        | Killed a meat berserker
    10 | D        | Gained mutation: You are significantly more attuned to the shadows. [demonic ancestry]
    10 | D        | Reached XP level 15. HP: 75/141 MP: 3/40
    11 | D        | Reached ** piety under Makhleb
    11 | D        | Killed a meat berserker
    11 | D        | Gained mutation: You have a pair of large antennae on your head. (SInv) [demonic ancestry]
    11 | D        | Reached XP level 16. HP: 153/153 MP: 4/44
    12 | D        | Killed a meat berserker
    12 | D        | Reached *** piety under Makhleb
    12 | D        | Reached skill level 10 in Throwing
    12 | D        | Gained mutation: You resist negative energy. (rN+) [demonic ancestry]
    12 | D        | Reached XP level 17. HP: 165/165 MP: 4/46
    14 | D        | Reached **** piety under Makhleb
    14 | D        | Reached skill level 27 in Axes
    14 | D        | Reached skill level 27 in Spellcasting
    14 | D        | Reached XP level 18. HP: 179/179 MP: 4/49
    14 | D        | Reached skill level 27 in Fighting
    15 | D        | Reached skill level 10 in Armour
    15 | D        | Reached skill level 15 in Throwing
    15 | D        | Reached skill level 27 in Dodging
    17 | D        | Reached ***** piety under Makhleb
    17 | D        | Gained mutation: When seriously injured, your bleeding wounds create very thick armour. (AC +12) [demonic ancestry]
    17 | D        | Reached XP level 19. HP: 189/189 MP: 5/50
    18 | D        | Noticed a meat berserker
    19 | D        | Noticed a destroyer
    20 | D        | Noticed a meat berserker
    22 | D        | Killed a meat berserker
    22 | D        | Reached skill level 15 in Armour
    23 | D        | Noticed a meat berserker
    24 | D        | Noticed a meat berserker
    24 | D        | Killed a meat berserker
    25 | D        | Killed a destroyer
    25 | D        | Reached skill level 27 in Throwing
    25 | D        | Gained mutation: A meltable icy envelope protects you from harm. (AC +0) [demonic ancestry]
    25 | D        | Reached XP level 20. HP: 197/197 MP: 7/51
    26 | D        | Noticed a meat berserker
    27 | D        | Noticed a large bag of meat
    27 | D        | Killed a meat berserker
    27 | D        | Reached skill level 27 in Armour
    28 | D        | Killed a meat berserker
    28 | D        | Reached skill level 15 in Invocations
    28 | D        | Noticed a destroyer
    29 | D        | Killed a large bag of meat
    29 | D        | Reached skill level 15 in Unarmed Combat
    29 | D        | Gained mutation: You are somewhat able to resist unholy torments (1 in 2 success). [demonic ancestry]
    29 | D        | Reached XP level 21. HP: 171/204 MP: 8/52
    30 | D        | Noticed a large bag of meat
    30 | D        | Reached ****** piety under Makhleb
    31 | D        | Reached skill level 27 in Invocations
    31 | D        | Reached XP level 22. HP: 212/212 MP: 9/53
    33 | D        | Noticed a large bag of meat
    33 | D        | Killed a large bag of meat
    33 | D        | Reached skill level 27 in Stealth
    35 | D        | Reached skill level 27 in Unarmed Combat
    36 | D        | Noticed The Servant
    37 | D        | Reached XP level 23. HP: 219/219 MP: 10/54
    39 | D        | Killed a large bag of meat
    41 | D        | Reached XP level 24. HP: 227/227 MP: 11/54
    42 | D        | Noticed a destroyer
    44 | D        | Demolished by The Servant

Vault maps used:
D:        meatsprint

Skill      XL: |  1  2  3  4  5  6  7  8  9 10 11 12 13 14 15 16 17 18 19 20 21 22 |
---------------+-------------------------------------------------------------------+-----
Fighting       | 13 16 18 19 21 23 26 27 | 27.0
Axes           | 13 16 19 20 23 25 27 | 27.0
Throwing       | 4 6 7 8 9 10 11 18 27 | 27.0
Armour         | 4 6 7 8 9 12 24 27 | 27.0
Dodging        | 12 15 17 18 20 21 23 27 | 27.0
Spellcasting   | 14 18 20 21 24 25 27 | 27.0
Stealth        | 16 23 27 | 27.0
Unarmed Combat | 15 21 27 | 27.0
Invocations    | 20 27 | 27.0
Translocations | |  2.6

Action                   |  1- 3 |  4- 6 |  7- 9 | 10-12 | 13-15 | 16-18 | 19-21 | 22-24 || total
-------------------------+-------+-------+-------+-------+-------+-------+-------+-------++-------
Melee: Executioner's axe |     1 |       |       |     1 |     2 |     5 |     8 |    11 ||    28
Invok: Major Destruction |       |       |       |       |       |       |       |     1 ||     1
Armor: Leather armour    |       |       |       |       |       |       |     1 |       ||     1
Dodge: Dodged            |       |       |       |       |     1 |       |       |       ||     1
